Map: Flooded City

Players

NoiseBlast

  • Race: Terran Terran
  • Spawn Location: 6:00

CRAFT

  • Race: Protoss Protoss
  • Spawn Location: 6:00

ILIEKEGGPIE

  • Race: Protoss Protoss
  • League: Platinum
  • Spawn Location: 12:00

Ahab

  • Race: Protoss Protoss
  • Spawn Location: 12:00

VOD

Have the link to the VOD?

Description

Time

  • Played on: May 28, 2018, 7:39 a.m.
  • Length: 23:35
Show
View Real Time Build Order
Export as new Build Order

NoiseBlast Terran 

Build Orders: MMM Bio 

Get SALT Encoding   

  12  0:01  SCV  
  13  0:13  SCV  
  14  0:18  Supply Depot  
  14  0:25  SCV  
  15  0:30  Refinery  
  15  0:43  Barracks  
  15  0:46  SCV  
  16  1:05  Barracks  
  16  1:06  SCV  
  17  1:18  SCV  
  18  1:30  Reaper  
  19  1:37  Orbital Command  
  19  1:39  Supply Depot  
  19  1:52  Reaper  
  20  2:02  Reaper  
  20  2:03  SCV  
  23  2:15  SCV  
  23  2:27  SCV  
  24  2:41  Marine, Command Center  
  24  2:42  Marine  
  26  2:47  Supply Depot  
  26  2:48  Refinery, SCV  
  27  2:59  Marine x2  
  27  3:05  Factory  
  27  3:13  SCV  
  28  3:24  Engineering Bay  
  28  3:25  Marine x2, SCV  
  31  3:38  SCV  
  32  3:50  SCV  
  32  3:55  Orbital Command, Missile Turret  
  33  3:57  Supply Depot  
  33  4:02  Marine x2  
  35  4:03  Factory Tech Lab  
  35  4:07  SCV  
  36  4:20  Supply Depot  
  36  4:22  Starport  
  36  4:26  Siege Tank  
  39  4:32  SCV x2  
  41  4:43  Supply Depot  
  41  4:44  SCV x2  
  43  4:55  Barracks Reactor, Barracks Tech Lab  
  43  4:58  Barracks  
  43  5:08  Bunker  
  43  5:20  Missile Turret  
  43  5:23  Siege Tank  
  43  5:26  Viking  
  48  5:41  SCV  
  48  5:42  SCV  
  50  5:51  Refinery  
  50  5:54  SCV x2  
  50  5:56  Supply Depot  
  50  5:57  Stimpack  
  52  6:06  SCV x2  
  54  6:18  Supply Depot, SCV  
  54  6:41  Marine x3  
  54  6:45  Barracks Reactor  
  57  6:49  Starport Reactor  
  57  6:51  Siege Tank  
  57  6:52  Barracks  
  60  6:57  SCV x2  
  60  6:59  Refinery, Marine x3  
  65  7:01  Supply Depot  
  65  7:17  Marine x2  
  65  7:19  Marine  
  65  7:21  Terran Infantry Weapons Level 1  
  68  7:24  Siege Tank  
  71  7:34  Barracks  
  71  7:35  Marine x2  
  73  7:38  Barracks, SCV x2  
  75  7:49  Marine  
  75  7:50  Marine, SCV x2  
  79  7:52  Barracks Reactor  
  79  7:59  Supply Depot  
  79  8:02  SCV x2  
  81  8:14  Medivac, SCV x2, Missile Turret  
  81  8:15  Medivac  
  87  8:26  SCV x2  
  89  8:27  Barracks Reactor, Barracks Tech Lab  
  89  8:29  Command Center  
  89  8:34  Ghost Academy  
  89  8:37  Combat Shields  
  89  8:38  SCV  
  90  8:43  Armory  
  90  8:47  Supply Depot  
  90  9:08  Viking x2  
  94  9:11  Supply Depot  
  94  9:12  Supply Depot  
  94  9:15  Terran Infantry Armor Level 1  
  94  9:22  Siege Tank  
  94  9:23  Marine x2  
  94  9:24  Marine x6  
  100  9:29  Marauder  
  100  9:30  Marauder  
  109  9:33  Personal Cloaking  
  109  9:36  Supply Depot  
  109  9:40  Medivac  
  109  9:41  Medivac  
  113  9:53  Supply Depot  
  113  9:54  Terran Vehicle Weapons Level 1  
  113  9:56  Concussive Shells  
  113  10:06  Marine x4  
  117  10:07  Marine x2  
  119  10:15  Supply Depot  
  119  10:42  Command Center  
  116  10:56  Missile Turret  
  116  10:59  Nuke  
  116  11:00  Marine x4, Missile Turret  
  116  11:01  Marine x4  
  116  11:02  Ghost x2  
  128  11:08  Viking x2  
  128  11:09  Hi-Sec Auto Tracking  
  132  11:31  Marine x4, Ghost x2  
  132  11:32  Marine x4  
  144  11:49  Marine x6, Terran Vehicle And Ship Armor Level 1  
  141  11:59  Ghost x2  
  135  12:05  Marine x2  
  135  12:06  Marine  
  135  12:07  Marine x4  
  140  12:13  Medivac x2  
  144  12:21  Siege Tank  
  145  12:42  Planetary Fortress  
  145  12:43  Medivac x2  
  149  12:49  SCV x2  
  151  13:10  Starport  
  151  13:11  Refinery  
  151  13:12  Medivac  
  151  13:13  Medivac  
  151  13:14  Refinery, SCV  
  156  13:21  Missile Turret  
  156  13:42  Viking, Missile Turret  
  156  13:43  Terran Ship Weapons Level 1, Viking  
  160  14:12  Viking  
  160  14:13  Viking  
  164  14:28  Terran Infantry Weapons Level 2  
  164  14:30  Marine x10  
  154  14:47  Marine  
  154  14:48  Marine x9  
  154  14:51  Medivac x2  
  166  15:05  Marine  
  166  15:06  Marine x6  
  173  15:11  Marine  
  173  15:13  Marine  
  173  15:15  Marine  
  173  15:21  Medivac x2  
  167  15:23  Marine  
  167  15:24  Marine x6  
  155  15:29  Marine  
  155  15:31  Marine  
  155  15:33  Marine  
  153  15:41  Marine x3  
  153  15:42  Liberator  
  120  15:51  Medivac  
  120  15:55  Marine x4  
  120  15:56  Marine x2  
  118  16:03  Starport Tech Lab  
  118  16:04  Liberator  
  105  16:14  Marine x2  
  105  16:16  Marine x5  
  105  16:17  Marine x3  
  114  16:24  Liberator  
  117  16:31  Marine  
  117  16:32  Marine  
  115  16:33  Marine  
  115  16:34  Marine  
  116  16:42  Marine x4  
  116  16:44  Terran Infantry Armor Level 2  
  116  16:46  Medivac  
  119  16:55  Marine x4  
  119  16:56  Marine x2  
  119  17:00  Marine x4  
  129  17:03  Viking  
  131  17:13  Marine x6  
  137  17:16  Medivac  
  137  17:17  Marine  
  137  17:18  Marine x3  
  143  17:24  Viking  
  145  17:30  Marine  
  145  17:32  Marauder  
  145  17:33  Viking  
  150  17:44  Command Center  
  150  17:46  Viking  
  150  17:54  Medivac  
  147  18:03  Medivac  
  122  18:46  Command Center  
  122  18:47  Liberator  
  122  18:48  Liberator x2  
  122  19:00  Terran Infantry Weapons Level 3  
  131  19:15  Terran Vehicle Weapons Level 2  
  131  19:23  Ghost x2  
  135  19:30  Liberator  
  135  19:33  SCV x2  
  135  19:52  Ghost x2  
  125  20:37  Planetary Fortress  
  125  20:47  Medivac x3  
  115  21:19  Missile Turret  
  115  21:21  Missile Turret  
  115  21:22  Missile Turret  
  115  21:36  SCV x3  
  115  21:37  Refinery  
  115  21:39  SCV  
  119  21:42  Missile Turret  
  119  21:48  SCV x2  
  119  21:54  Command Center  
  121  22:01  Refinery  
  121  22:02  Ghost  
  121  22:03  Ghost  
  125  22:18  Missile Turret  
  125  22:31  Ghost x2  
Show
View Real Time Build Order
Export as new Build Order

CRAFT Protoss 

Build Orders:  

Get SALT Encoding   

  12  0:04  Probe  
  13  0:16  Probe  
  14  0:25  Pylon  
  14  0:30  Probe  
  15  0:43  Probe  
  16  0:55  Probe  
  17  1:03  Assimilator  
  17  1:09  Assimilator  
  17  1:26  Nexus  
  17  1:33  Gateway  
  17  1:36  Probe  
  17  1:44  Probe  
  19  1:54  Probe  
  20  2:04  Probe  
  20  2:07  Pylon  
  21  2:12  Probe  
  21  2:20  Probe  
  23  2:32  Probe, Cybernetics Core  
  24  2:37  Forge  
  24  2:42  Probe  
  24  2:44  Probe  
  24  2:50  Probe  
  27  3:00  Probe  
  27  3:02  Assimilator  
  28  3:07  Assimilator  
  28  3:11  Probe  
  28  3:12  Probe  
  30  3:23  Probe  
  30  3:24  Probe  
  30  3:25  Stargate  
  32  3:36  Probe x2  
  34  3:44  Probe  
  34  3:48  Probe  
  35  3:53  Photon Cannon  
  36  4:00  Probe, Photon Cannon  
  37  4:12  Probe  
  38  4:17  Void Ray  
  42  4:24  Probe  
  43  4:36  Probe  
  44  4:38  Pylon  
  44  4:42  Pylon  
  44  4:48  Protoss Air Weapons Level 1  
  44  4:49  Probe  
  44  4:51  Stargate  
  45  4:52  Pylon  
  45  4:59  Photon Cannon  
  45  5:04  Probe  
  45  5:12  Probe  
  47  5:21  Probe  
  48  5:34  Probe  
  41  5:46  Probe  
  42  5:52  Pylon  
  41  6:02  Phoenix  
  41  6:03  Void Ray  
  47  6:26  Void Ray  
  51  6:42  Protoss Air Armor Level 1  
  51  6:46  Void Ray  
  55  6:58  Probe  
  56  7:03  Photon Cannon  
  56  7:08  Photon Cannon  
  56  7:09  Void Ray  
  56  7:10  Probe  
  56  7:13  Probe  
  62  7:22  Probe  
  63  7:25  Probe  
  64  7:34  Probe  
  65  7:38  Probe  
  66  7:46  Probe  
  66  7:50  Probe  
  68  7:58  Probe  
  68  8:02  Probe  
  70  8:09  Nexus  
  70  8:11  Pylon  
  70  8:16  Assimilator  
  70  8:20  Assimilator, Void Ray x2  
  78  8:32  Fleet Beacon  
  78  8:41  Stargate  
  68  9:03  Void Ray x2  
  76  9:11  Photon Cannon  
  76  9:25  Probe, Photon Cannon  
  76  9:30  Pylon  
  77  9:33  Probe  
  78  9:39  Protoss Air Weapons Level 2  
  78  9:43  Probe  
  78  9:46  Void Ray x2  
  87  9:53  Cybernetics Core  
  87  9:55  Probe  
  87  9:56  Pylon  
  88  10:05  Photon Cannon  
  88  10:07  Probe  
  88  10:08  Photon Cannon  
  89  10:21  Stalker  
  87  10:51  Stalker  
  89  11:10  Void Ray x3  
  101  11:21  Stalker  
  103  11:41  Protoss Air Armor Level 2  
  103  11:53  Void Ray x3  
  75  12:35  Stargate  
  75  12:36  Void Ray x3  
  87  12:39  Stargate  
  87  12:53  Protoss Air Weapons Level 3  
  86  13:16  Photon Cannon  
  86  13:19  Void Ray x3  
  82  14:01  Void Ray, Photon Cannon  
  82  14:02  Void Ray x2  
  94  14:16  Carrier  
  94  14:17  Carrier  
  86  14:44  Carrier x2  
  64  15:08  Anion Pulse-Crystals  
  64  15:59  Nexus  
  64  16:02  Assimilator  
  64  16:06  Assimilator  
  64  16:12  Graviton Catapult  
  63  17:03  Carrier  
  63  17:04  Carrier x4  
  93  17:14  Probe  
  94  17:16  Pylon  
  94  17:20  Pylon  
  94  17:24  Pylon  
  94  17:26  Probe  
  95  17:38  Probe  
  96  17:47  Photon Cannon  
  96  17:50  Probe  
  97  17:51  Photon Cannon  
  97  17:54  Photon Cannon  
  97  17:58  Photon Cannon  
  97  18:02  Probe  
  98  18:24  Protoss Air Armor Level 3  
  98  18:29  Carrier x2  
  110  18:36  Probe  
  111  18:48  Probe  
  112  19:00  Probe  
  113  19:12  Probe  
  114  19:25  Probe  
  103  20:47  Carrier  
  103  20:48  Carrier x4  
  129  21:48  Probe  
  129  21:53  Pylon  
  130  21:56  Pylon  
  130  21:59  Pylon  
  130  22:00  Probe  
  131  22:01  Pylon  
Show
View Real Time Build Order
Export as new Build Order

ILIEKEGGPIE Protoss 

Build Orders:  

Get SALT Encoding   

  12  0:01  Probe  
  13  0:13  Probe  
  14  0:22  Pylon  
  14  0:26  Probe  
  15  0:40  Probe  
  16  0:43  Gateway  
  16  0:52  Probe  
  16  0:54  Assimilator  
  17  1:04  Probe  
  18  1:17  Probe  
  19  1:18  Assimilator  
  19  1:20  Pylon  
  19  1:26  Zealot  
  19  1:29  Probe  
  20  1:34  Cybernetics Core  
  22  1:49  Zealot  
  24  1:54  Gateway  
  24  2:05  Probe  
  25  2:11  Warp Gate  
  25  2:27  Robotics Facility  
  24  2:32  Stalker  
  26  2:57  Stalker  
  28  2:59  Stalker  
  30  3:24  Observer  
  31  3:27  Pylon  
  31  3:41  Probe  
  32  3:50  Stalker x2, Probe  
  32  3:55  Pylon  
  37  3:59  Probe  
  38  4:09  Observer  
  39  4:26  Gateway  
  39  4:29  Gateway  
  39  4:33  Observer  
  39  4:37  Stalker x2  
  44  4:52  Nexus  
  44  5:09  Forge  
  44  5:17  Stalker  
  46  5:24  Protoss Ground Weapons Level 1  
  46  5:27  Pylon  
  45  5:42  Stalker  
  47  5:45  Probe  
  48  5:57  Probe  
  48  6:01  Probe  
  49  6:09  Probe x2  
  51  6:18  Probe  
  52  6:21  Probe  
  54  6:25  Assimilator  
  54  6:26  Probe  
  54  6:29  Assimilator  
  54  6:30  Pylon  
  55  6:33  Probe  
  55  6:35  Probe  
  57  6:42  Warp Prism  
  57  6:45  Probe  
  60  6:47  Probe  
  60  6:48  Twilight Council  
  61  6:57  Probe  
  61  7:00  Probe  
  63  7:03  Stalker  
  65  7:09  Probe  
  65  7:12  Probe  
  67  7:22  Probe  
  68  7:24  Probe  
  68  7:31  Photon Cannon  
  68  7:34  Probe  
  68  7:36  Stalker x4, Photon Cannon  
  77  7:48  Blink  
  77  8:12  Protoss Ground Weapons Level 2, Pylon  
  77  8:14  Pylon x2  
  77  8:20  Nexus  
  77  8:23  Pylon  
  77  8:28  Forge  
  77  8:32  Adept x2  
  77  8:33  Adept x2  
  83  8:54  Stalker x4  
  85  8:57  Probe x2  
  85  9:02  Assimilator  
  87  9:09  Probe  
  88  9:23  Gateway  
  88  9:25  Gateway  
  88  9:27  Pylon  
  88  9:34  Probe  
  89  9:43  Templar Archives  
  89  9:48  Stalker x4, Protoss Ground Armor Level 1  
  89  9:49  Assimilator  
  97  9:56  Assimilator  
  97  10:26  Protoss Ground Weapons Level 3  
  97  10:30  Nexus  
  97  10:32  Pylon  
  97  10:35  Pylon  
  97  10:42  Psionic Storm  
  87  11:02  Assimilator  
  87  11:06  Assimilator  
  87  11:09  Pylon  
  87  11:12  Pylon  
  87  11:13  Gateway  
  87  11:14  Gateway, Pylon  
  87  11:15  Gateway  
  85  11:24  Protoss Ground Armor Level 2  
  85  11:25  Stalker x6  
  73  12:14  High Templar x4  
  73  12:15  Zealot x2  
  83  12:16  Probe  
  83  12:17  Probe x2  
  88  12:37  Stalker x2  
  88  12:38  Stalker x3  
  98  12:47  Charge, Probe  
  98  12:48  Probe  
  100  13:09  Adept x4  
  100  13:10  Adept x4  
  100  13:11  Zealot  
  118  13:25  Pylon  
  118  13:30  Nexus  
  118  13:32  Pylon  
  118  13:35  Pylon  
  118  13:59  Protoss Shields Level 1, Protoss Ground Armor Level 3  
  100  14:40  High Templar x3  
  100  14:41  Zealot x5  
  112  15:05  Robotics Facility  
  112  15:07  Robotics Facility  
  112  15:32  Zealot x2  
  112  15:33  Zealot x2  
  112  15:34  Zealot x3  
  124  15:55  Zealot x6  
  132  16:10  Robotics Bay  
  132  16:11  Robotics Bay  
  132  16:20  Assimilator  
  132  16:24  Assimilator  
  132  16:26  Pylon  
  132  16:29  Pylon  
  132  16:44  Robotics Facility  
  130  16:50  Colossus x3  
  130  16:53  Gateway  
  130  16:54  Gateway  
  148  17:17  Stalker x5  
  148  17:18  Stalker x4  
  166  17:33  Protoss Shields Level 2  
  166  17:35  Resonating Glaives  
  166  17:39  Colossus x2  
  178  17:57  Extended Thermal Lance  
  178  18:09  Probe x2  
  178  18:10  Probe x2  
  176  18:24  Sentry x3  
  176  18:25  High Templar x6  
  194  18:50  Probe x2  
  196  19:02  Pylon  
  190  19:40  Colossus  
  115  20:41  Stalker x6  
  115  20:42  Stalker x3  
  121  20:48  Pylon  
  121  20:56  Pylon  
  117  21:12  High Templar x4  
  117  21:13  High Templar x5  
  117  21:14  High Templar x2  
  138  21:32  Gateway  
  138  21:34  Gateway  
  138  21:35  Gateway  
  138  21:46  Pylon  
  138  21:48  Pylon  
  138  21:51  Zealot x3  
  138  21:52  High Templar x3  
  138  21:53  Adept x4  
  158  22:00  Pylon  
  158  22:05  Pylon  
  158  22:11  Pylon  
  58  23:28  Stalker  
  58  23:29  Stalker x3  
  58  23:30  Zealot x3  
  58  23:31  Zealot x4  
  58  23:32  High Templar x3  
Show
View Real Time Build Order
Export as new Build Order

Ahab Protoss 

Build Orders:  

Get SALT Encoding   

  1  0:00  Probe  
  13  0:07  Probe  
  14  0:18  Pylon  
  14  0:31  Probe  
  15  0:37  Forge  
  15  0:52  Probe  
  16  1:29  Assimilator  
  16  1:44  Probe  
  16  1:52  Probe  
  17  1:56  Gateway  
  18  2:02  Pylon  
  18  2:06  Pylon  
  18  2:30  Probe  
  19  2:38  Probe  
  20  2:45  Nexus  
  20  2:46  Pylon  
  20  2:49  Pylon  
  20  2:58  Cybernetics Core  
  20  3:07  Photon Cannon  
  20  3:09  Photon Cannon  
  20  3:18  Pylon  
  20  3:20  Assimilator  
  20  3:21  Assimilator  
  20  3:23  Photon Cannon  
  20  3:27  Pylon  
  20  3:31  Probe  
  21  3:41  Stargate  
  21  3:43  Probe  
  22  3:53  Probe  
  22  4:01  Probe  
  23  4:06  Protoss Air Weapons Level 1  
  24  4:11  Probe  
  24  4:14  Oracle  
  25  4:22  Probe  
  26  4:30  Probe  
  30  4:38  Probe  
  31  4:53  Pylon  
  31  4:55  Pylon  
  31  5:07  Phoenix  
  33  5:22  Probe  
  31  5:46  Photon Cannon  
  31  5:47  Photon Cannon  
  31  5:48  Probe  
  31  5:49  Photon Cannon  
  31  5:54  Photon Cannon  
  31  5:55  Phoenix  
  31  5:56  Probe  
  34  6:00  Protoss Air Armor Level 1  
  34  6:01  Stargate  
  35  6:06  Probe  
  36  6:12  Photon Cannon  
  36  6:18  Probe  
  37  6:20  Phoenix  
  39  6:32  Fleet Beacon  
  39  6:34  Stargate  
  39  6:44  Phoenix  
  41  6:50  Probe  
  42  6:58  Probe  
  42  6:59  Assimilator  
  42  7:02  Phoenix  
  42  7:08  Probe  
  45  7:13  Phoenix  
  48  7:17  Probe  
  49  7:25  Probe  
  49  7:26  Phoenix  
  52  7:34  Probe  
  52  7:37  Phoenix  
  52  7:40  Phoenix  
  57  7:54  Nexus  
  57  7:56  Pylon  
  57  7:58  Pylon  
  57  8:00  Probe  
  57  8:03  Pylon  
  58  8:07  Assimilator  
  58  8:08  Probe  
  58  8:09  Phoenix  
  61  8:17  Phoenix  
  63  8:21  Phoenix  
  65  8:30  Anion Pulse-Crystals  
  65  9:01  Protoss Air Weapons Level 2  
  65  9:05  Probe  
  66  9:12  Probe  
  66  9:13  Probe  
  67  9:23  Probe  
  68  9:24  Probe  
  70  9:31  Assimilator  
  70  9:35  Probe  
  70  9:36  Probe  
  72  9:39  Photon Cannon  
  72  9:41  Photon Cannon  
  72  9:42  Photon Cannon  
  72  9:47  Probe, Photon Cannon  
  72  9:48  Probe  
  72  9:49  Phoenix  
  76  9:54  Phoenix  
  76  9:56  Probe  
  76  9:58  Probe  
  78  10:04  Probe  
  78  10:06  Probe  
  80  10:07  Phoenix  
  80  10:50  Phoenix x3  
  86  11:01  Protoss Air Armor Level 2  
  86  11:15  Phoenix x3  
  92  11:40  Phoenix x3  
  98  12:05  Phoenix x3  
  98  12:30  Phoenix x3  
  104  12:55  Phoenix x3  
  110  13:19  Phoenix  
  110  13:20  Phoenix  
  110  13:33  Phoenix  
  112  13:44  Phoenix  
  112  13:45  Phoenix  
  114  13:58  Phoenix  
  116  14:09  Phoenix  
  118  14:10  Phoenix  
  118  14:15  Stargate  
  120  14:19  Stargate  
  120  14:23  Phoenix  
  116  14:34  Phoenix  
  116  14:35  Phoenix  
  56  15:31  Phoenix x2  
  56  15:32  Phoenix x3  
  64  16:08  Nexus  
  64  16:11  Pylon  
  64  16:14  Pylon  
  64  16:15  Pylon  
  64  16:29  Phoenix x3  
  64  16:32  Phoenix x2  
  66  16:54  Phoenix x3  
  66  16:57  Phoenix x2  
  76  17:05  Assimilator  
  76  17:19  Phoenix x2  
  80  17:24  Assimilator  
  80  17:31  Probe x2  
  82  17:40  Phoenix x3  
  82  17:43  Probe x2  
  90  17:55  Probe x2  
  92  18:07  Probe  
  93  18:45  Nexus  
  93  18:51  Pylon  
  93  18:58  Assimilator  
  93  19:00  Probe x2  
  95  19:03  Phoenix  
  95  19:04  Phoenix x2  
  95  19:09  Phoenix x2  
  105  19:12  Probe x2  
  107  19:24  Probe  
  107  19:25  Probe  
  107  20:12  Pylon  
  105  20:14  Pylon  
  105  20:15  Pylon  
  105  20:17  Pylon  
  97  20:32  Phoenix  
  97  20:33  Phoenix x4  
  107  20:42  Assimilator  
  105  20:57  Phoenix x2  
  105  20:58  Phoenix x2  
  89  21:27  Phoenix x4  
  97  21:47  Phoenix  
  97  21:52  Phoenix  
  101  22:06  Probe  
  101  22:07  Probe  
  103  22:18  Probe  
  103  22:19  Probe  
  67  23:06  Phoenix x5  
Tags
 
Composition
MMM Bio
League
Platinum
Replay Pack
Multi
Add a new tag
Caveats
  • Supply blocks, unpowered buildings, or Contaminate may cause inaccurate times.
  • Supply counts are checked every 10 seconds.